 Dungeon Crawl Stone Soup version 0.17.0-28-g6e173f8 (webtiles) character file.

2758 dohliylev the Covert (level 9, 0/64 HPs)
             Began as a Vampire Assassin on Dec 2, 2015.
             Succumbed to a killer bee's poison
             ... on level 6 of the Dungeon.
             The game lasted 00:55:36 (7902 turns).

dohliylev the Covert (Vampire Assassin)             Turns: 7902, Time: 00:55:37

Health: 0/64       AC:  5    Str: 10    XL:     9   Next: 41%
Magic:  16/16      EV: 15    Int: 13    God:
Gold:   362        SH:  8    Dex: 19    Spells: 0 memorised, 17 levels left

rFire  . . .     SeeInvis +     a - +2 dagger
rCold  . . .     Clarity  .     c - +0 robe
rNeg   + . .     SustAt   .     w - +0 shield
rPois  .         Gourm    .     v - +0 helmet
rElec  .         Spirit   .     d - +0 cloak
rCorr  .         Warding  .     (no gloves)
rMut   +         Stasis   .     (no boots)
MR     +....                    s - amulet of resist mutation
Stlth  ++++++....               D - ring of protection from magic
                                r - +1 ring of protection

@: lethally poisoned (0 -> -5), somewhat resistant to hostile enchantments, very
stealthy
A: fangs 3, see invisible, unbreathing
a: Bat Form


You were on level 6 of the Dungeon.
You were not thirsty.

You visited 1 branch of the dungeon, and saw 7 of its levels.

You collected 362 gold pieces.

Inventory:

Hand Weapons
 a - a +2 dagger (weapon)
 b - a +0 blowgun
 e - a +1 hand axe of chopping
 t - a cursed -2 mace
Missiles
 I - 18 poisoned needles
Armour
 c - a +0 robe (worn)
 d - a +0 cloak (worn)
 v - a +0 helmet (worn)
 w - a +0 shield (worn)
 C - a +3 leather armour
Magical Staves
 L - an uncursed staff of cold {unknown}
Jewellery
 r - a +1 ring of protection (left hand)
 s - an amulet of resist mutation (around neck)
 x - an uncursed ring of wizardry
 A - a +2 ring of intelligence
 D - a ring of protection from magic (right hand)
Scrolls
 f - 3 scrolls of blinking {unknown}
 i - a scroll of remove curse {unknown}
 k - a scroll of teleportation {unknown}
 l - 6 scrolls of identify {unknown}
 m - a scroll of fear {unknown}
 p - a scroll of random uselessness {unknown}
 q - 2 scrolls of enchant weapon {unknown}
 z - a scroll of immolation {unknown}
 E - a scroll of noise {unknown}
 F - 2 scrolls of amnesia {unknown}
 J - a scroll of fog {unknown}
Potions
 g - 7 potions of blood
 h - 2 potions of heal wounds {unknown}
 j - a potion of ambrosia {unknown}
 n - a potion of invisibility {unknown}
 o - a potion of flight {unknown}
 u - a potion of degeneration {unknown}
 B - a potion of lignification {unknown}
 G - 2 potions of might {unknown}
 H - a potion of poison {unknown}
Books
 y - a book of Power

   Spells                             Type                      Level
   a - Fulminant Prism                Conjuration/Hexes            4
   b - Iskenderun's Mystic Blast      Conjuration                  4
   c - Venom Bolt                     Conjuration/Poison           5
   d - Bolt of Magma                  Conjuration/Fire/Earth       5
   e - Iron Shot                      Conjuration/Earth            6
   f - Orb of Destruction             Conjuration                  7
   g - Spellforged Servitor           Conjuration/Summoning        7
 K - a book of Annihilations

   Spells                             Type                      Level
   a - Poison Arrow                   Conjuration/Poison           6
   b - Chain Lightning                Conjuration/Air              8
   c - Lehudib's Crystal Spear        Conjuration/Earth            8
   d - Glaciate                       Conjuration/Ice              9
   e - Fire Storm                     Conjuration/Fire             9


   Skills:
 + Level 3.3 Fighting
 + Level 4.2 Short Blades
 + Level 4.6 Throwing
 + Level 7.0 Dodging
 + Level 11.0 Stealth
 + Level 2.5 Shields
 * Level 4.8 Spellcasting


You had 17 spell levels left.
You didn't know any spells.

Dungeon Overview and Level Annotations

Branches:
Dungeon (7/15)
 Temple: D:4-7

Altars:
Elyvilon
Sif Muna
Zin

Shops:
D:4 *:*==

Annotations:
D:3 Nicoed's ghost, amateur DrTm
D:6 exclusion: oklob plant


Innate Abilities, Weirdness & Mutations

You have razor-sharp teeth.
You have supernaturally acute eyesight.
You can survive without breathing.


Message History

The killer bee stings you but does no damage.
The killer bee barely misses you.
You barely miss the killer bee.
The killer bee is severely wounded.
You feel sick. The killer bee stings you!
* * * LOW HITPOINT WARNING * * *
You block the killer bee's attack.
You barely miss the killer bee.
The killer bee is severely wounded.
* * * LOW HITPOINT WARNING * * *
You feel sick. The killer bee stings you.
* * * LOW HITPOINT WARNING * * *
An iguana comes into view.
The iguana hisses angrily.
You hit the killer bee.
The killer bee is severely wounded.
You block the killer bee's attack. The killer bee closely misses you.
You barely miss the killer bee.
The killer bee is severely wounded.
You die...

..........# #.#
..........# #.#
....##'#### #.#
######.# #.#
....##.# #.#
.......# #.#
###..### #.#
####.###########.#
............%l.y@#
.....#######.#####
.....## #.#
......#### #.#
.........###.##
.........'....#
#####....###..#
#.........#
#.....#...#


You could see an iguana and a killer bee.

Vanquished Creatures
  Pikel (D:6)
  2 hippogriffs
  A hungry ghost (D:7)
  3 ogres
  2 phantoms
  3 sky beasts
  A centaur (D:6)
  A killer bee (D:7)
  7 jellies
  2 crimson imps
  5 hounds
  4 orc wizards
  3 worker ants
  Natasha (thrice) (D:3)
  2 iguanas
  4 orc priests
  A killer bee zombie (D:6)
  A hound skeleton (D:5)
  4 adders
  A gnoll (D:1)
  14 oozes
  2 worms
  6 giant geckos
  30 orcs
  5 goblins
  13 hobgoblins
  7 jackals
  A quokka (D:6)
  2 ball pythons
  9 bats
  7 giant cockroaches
  7 giant newts
  A jackal skeleton (D:5)
  4 kobolds
  A quokka skeleton (D:7)
  5 rats
165 creatures vanquished.

Vanquished Creatures (others)
  A centaur (D:6)
  A slave (D:6)
  An ooze (D:6)
  3 orcs (D:6)
  A giant gecko (D:6)
  6 fungi (D:6)
13 creatures vanquished.

Grand Total: 178 creatures vanquished

Notes
Turn   | Place    | Note
--------------------------------------------------------------
     0 | D:1      | dohliylev the Vampire Assassin began the quest for the Orb.
     0 | D:1      | Reached XP level 1. HP: 16/16 MP: 1/1
    44 | D:1      | Reached skill level 6 in Stealth
    44 | D:1      | Reached XP level 2. HP: 16/22 MP: 2/2
   210 | D:1      | Reached XP level 3. HP: 12/27 MP: 3/3
   367 | D:1      | Reached skill level 7 in Stealth
  1582 | D:3      | Reached XP level 4. HP: 33/33 MP: 4/4
  1585 | D:3      | Noticed Natasha
  1598 | D:3      | Killed Natasha
  1654 | D:3      | Noticed Natasha
  1658 | D:3      | Killed Natasha
  1734 | D:3      | Noticed Natasha
  1739 | D:3      | Killed Natasha
  1863 | D:3      | Noticed Nicoed's ghost (amateur DrTm)
  1933 | D:4      | Found Lobocvoe's Jewellery Shoppe.
  2113 | D:4      | Reached XP level 5. HP: 11/38 MP: 5/5
  2153 | D:4      | Noticed a phantom
  2164 | D:4      | Killed a phantom
  2164 | D:4      | Reached skill level 8 in Stealth
  2164 | D:4      | Reached skill level 1 in Spellcasting
  2193 | D:4      | Found Hener's Jewellery Shop.
  2263 | D:4      | Reached XP level 6. HP: 40/44 MP: 7/7
  2399 | D:4      | Noticed an ogre
  2403 | D:4      | Killed an ogre
  2453 | D:4      | Found Foti's Book Boutique.
  2577 | D:4      | Found Dejac's Assorted Antiques.
  2656 | D:4      | Noticed a hippogriff
  2687 | D:4      | Killed a hippogriff
  2687 | D:4      | Reached skill level 1 in Shields
  2687 | D:4      | Reached XP level 7. HP: 28/51 MP: 10/10
  3125 | D:4      | Found Ackayvo's Assorted Antiques.
  3125 | D:4      | Noticed an ogre
  3132 | D:4      | Killed an ogre
  3132 | D:4      | Reached skill level 5 in Dodging
  3254 | D:5      | Entered Level 5 of the Dungeon
  3257 | D:5      | Reached skill level 9 in Stealth
  3633 | D:5      | Found a glowing silver altar of Zin.
  3725 | D:5      | Found a white marble altar of Elyvilon.
  3949 | D:5      | Found a deep blue altar of Sif Muna.
  4188 | D:5      | Reached XP level 8. HP: 57/57 MP: 12/12
  5224 | D:6      | Reached skill level 10 in Stealth
  5528 | D:6      | Noticed an oklob plant
  5997 | D:6      | Noticed Pikel
  6050 | D:6      | Killed Pikel
  6050 | D:6      | Reached XP level 9. HP: 57/63 MP: 13/15
  7777 | D:7      | Reached skill level 11 in Stealth
  7900 | D:6      | HP: 1/64 [killer bee (5)]
  7902 | D:6      | Succumbed to a killer bee's poison

Action                   |  1- 3 |  4- 6 |  7- 9 || total
-------------------------+-------+-------+-------++-------
Melee: Dagger            |   111 |    98 |   418 ||   627
 Fire: Blowgun           |     4 |    30 |   100 ||   134
 Abil: End Transformatio |       |     4 |    13 ||    17
       Bat Form          |       |     4 |    13 ||    17
  Use: Potion            |       |     5 |     9 ||    14
 Stab: Sleeping          |    20 |    11 |    23 ||    54
       Distracted        |       |     2 |     4 ||     6
  Eat: Corpse            |     3 |     1 |     1 ||     5
